AoeStats
← LaUlrich

Arena

510148856Analyzed
2v2 RM · 1d ago on Sep 29, 2026· 19m 37s· 4 players
Game mode
Random Map
Map size
Medium (4 player)
Population
200
Speed
Normal
Resources
Standard
Victory
Conquest
Starting age
Dark Age
Ending age
Imperial Age
RankedLock teamsTeams togetherTeam positionsShared explorationLock speedFull tech treeHidden civsTurbo modeCheats
Victory
Defeat
🇲🇽 Turks · Mexico
1186
+15
🇲🇽 Portuguese · Mexico
1089
+19
🇦🇷 Cumans · Argentina
1169
-17
🇦🇷 Ethiopians · Argentina
1167
-17
youtube.com/@Radio_Latex
11:11 Feudal Age
12:41 Double-Bit Axe
13:08 Scale Barding Armor
14:52 Bloodlines
17:06 Forging
LaUlrich
10:44 Feudal Age
15:10 Castle Age
13:01 Loom
13:43 Man-at-Arms
17:03 Castle Age
Maderaporfavor
7:00 Loom
9:43 Feudal Age
10:15 Double-Bit Axe
13:37 Fletching
15:21 Padded Archer Armor
Msape
6:34 Loom
8:42 Feudal Age
11:22 Double-Bit Axe
Connection lost

Rejoining the realm…

Still unreachable

The connection could not be restored.

Session expired

The server has moved on; the page needs a fresh start.